 Dungeon Crawl Stone Soup version 0.19-a0 (webtiles) character file.

111 varam the Twirler (level 4, 28/28 HPs)
             Began as a Gargoyle Gladiator on Apr 27, 2016.
             Was an Initiate of Ru.
             Quit the game on level 3 of the Dungeon.
             The game lasted 00:04:17 (1918 turns).

varam the Twirler (Gargoyle Gladiator)              Turns: 1918, Time: 00:04:18

Health: 28/28      AC:  8    Str: 19    XL:     4   Next: 92%
Magic:  13/13      EV: 12    Int:  9    God:    Ru [......]
Gold:   103        SH:  0    Dex: 10    Spells: 0 memorised, 3 levels left

rFire  . . .     SeeInvis .     a - +0 quarterstaff
rCold  . . .     Gourm    .     b - +0 leather armour
rNeg   + . .     Faith    .     (shield currently unavailable)
rPois  ∞         Spirit   .     c - +0 helmet
rElec  +         Dismiss  +     (no cloak)
rCorr  .         Reflect  .     (no gloves)
SustAt .         Harm     .     (no boots)
MR     .....                    g - amulet of dismissal
Stlth  +.........               (no ring)
                                v - ring of magical power

@: not resistant to hostile enchantments, very unstealthy
A: negative energy resistance 1, electricity resistance, unbreathing,
petrification resistance, rot immunity, AC +3
a: Renounce Religion


You were on level 3 of the Dungeon.
You worshipped Ru.
Ru was noncommittal.
You were hungry.

You visited 1 branch of the dungeon, and saw 3 of its levels.

You collected 103 gold pieces.

Inventory:

Hand Weapons
 a - a +0 quarterstaff (weapon)
Missiles
 d - 3 throwing nets (quivered)
Armour
 b - a +0 leather armour (worn)
 c - a +0 helmet (worn)
Jewellery
 g - an amulet of dismissal (around neck)
 v - a ring of magical power (left hand)
Wands
 w - a wand of enslavement (13/24)
Scrolls
 h - a scroll of magic mapping {unknown}
 i - a scroll of fear {unknown}
 l - 5 scrolls of identify {unknown}
 r - 3 scrolls of recharging {unknown}
 s - 2 scrolls of teleportation {unknown}
 t - 3 scrolls of remove curse {unknown}
 u - a scroll of amnesia {unknown}
Potions
 e - 2 potions of flight {unknown}
 k - a potion of berserk rage {unknown}
 m - 3 potions of heal wounds
 n - a potion of magic {unknown}
 q - a potion of lignification {unknown}
Comestibles
 f - 2 bread rations
 j - a royal jelly
 o - 4 meat rations
 p - 3 chunks of flesh


   Skills:
 + Level 3.6 Fighting
 + Level 3.8 Staves
 - Level 1.7 Throwing
 + Level 2.7 Armour
 - Level 2.4 Dodging


You had 3 spell levels left.
You didn't know any spells.

Dungeon Overview and Level Annotations

Branches:
Dungeon (3/15)

Altars:
Ru


Innate Abilities, Weirdness & Mutations

You are resistant to torment.
Your stone body is resilient (AC +3).
You are immune to poison.
You resist negative energy.
You are resistant to electric shocks.
You can survive without breathing.
You are immune to petrification.
You are immune to rotting.


Message History

No target in view!
Things that are here:
a jackal corpse x2
Butcher a jackal corpse? [(y)es/(c)hoosy/(n)o/(a)ll/(e)dible/(q)uit/?]
Butcher a jackal corpse? [(y)es/(c)hoosy/(n)o/(a)ll/(e)dible/(q)uit/?]
You butcher the jackal corpse. x2
p - 2 chunks of flesh (gained 1);
p - 3 chunks of flesh (gained 1)
There isn't anything here!
There isn't anything here!
Found a faded altar to an unknown god.
Eat one of 3 chunks of flesh? (ye/n/q/i?) Eat which item? (? for menu, Esc to quit)
Okay, then.
There is a faded altar to an unknown god here.
This altar will convert you to a god.
You cannot discern which.
Do you pray?
Okay, then.
This altar will convert you to a god.
You cannot discern which.
Do you pray? Ru accepts your prayer! Ru welcomes you!
Are you sure you want to abandon this character and quit the game? (Confirm with "yes".)

#.# #.... #.#
#.... #.# #....
#.# ###.. #.#
#.. ########.#
##. #.....##.#
#. #..#..##.# #.
#@#.##.# ..
#..#...#.####..
#..............$
####..#.#####.##
##.#.# #.#.#
#.#.# #.#.# #
#.#.# .


There were no monsters in sight!

Vanquished Creatures
  2 adders (D:2)
  3 worms (D:2)
  2 dart slugs
  3 giant geckos
  An orc (D:3)
  4 giant cockroaches
  6 goblins
  13 hobgoblins
  4 jackals (D:3)
  3 quokkas (D:2)
  6 bats
  A giant newt (D:2)
  6 kobolds
  23 rats
77 creatures vanquished.

Notes
Turn   | Place    | Note
--------------------------------------------------------------
     0 | D:1      | varam the Gargoyle Gladiator began the quest for the Orb.
     0 | D:1      | Reached XP level 1. HP: 12/12 MP: 1/1
    87 | D:1      | Reached skill level 1 in Armour
    87 | D:1      | Reached XP level 2. HP: 15/18 MP: 2/2
   403 | D:1      | Reached XP level 3. HP: 22/22 MP: 3/3
  1172 | D:2      | Reached XP level 4. HP: 26/28 MP: 4/4
  1913 | D:3      | Found a faded altar to an unknown god.
  1918 | D:3      | Became a worshipper of Ru the Awakened
  1918 | D:3      | Quit the game

Vault maps used:
D:1:      minmay_arrival_open_corners
D:2:      minmay_rat_hole
D:3:      first_bread, serial_forest, infiniplex_forest_clump_small,
          infiniplex_forest_straight_2, infiniplex_forest_straight_1,
          infiniplex_forest_straight_3, infiniplex_forest_straight_4,
          infiniplex_forest_fountain, ecumenical_altar_1

Skill      XL: |  1  2  3 |
---------------+----------+-----
Armour         | 1 2 |  2.7
Fighting       | 3 |  3.6
Staves         | |  3.8
Throwing       | |  1.7
Dodging        | |  2.4

Action                   |  1- 3 |  4- 6 || total
-------------------------+-------+-------++-------
Melee: Quarterstaff      |   111 |   116 ||   227
  Eat: Chunk             |     1 |     2 ||     3
Armor: Leather armour    |    47 |    65 ||   112
Dodge: Dodged            |    92 |    99 ||   191
